AoeStats
← 寂寞帅哥等爱

Black Forest

507242458Analyzed
4v4 RM · 16d ago on Sep 17, 2026· 22m 24s· 8 players
Game mode
Random Map
Map size
Large (8 player)
Population
200
Speed
Normal
Resources
Standard
Victory
Conquest
Starting age
Dark Age
Ending age
Imperial Age
RankedLock teamsTeams togetherTeam positionsShared explorationLock speedFull tech treeHidden civsTurbo modeCheats
Victory
Defeat
🇨🇳 Sicilians · China
1252
+16
🇨🇳 Maya · China
1236
+16
🇨🇳 Gurjaras · China
1233
+17
🇧🇪 Magyars · Belgium
1275
-17
🇳🇵 Vietnamese · Nepal
1270
-17
🇨🇳 Mongols · China
1263
-16
🇺🇸 Armenians · United States
1176
-13
biubiu
0:36 Loom
18:30 Feudal Age
23:55 Castle Age
21:41 Double-Bit Axe
休眠玩家 精锐条顿骑士 一步杀十人
1:40 Loom
13:41 Feudal Age
17:58 Castle Age
16:22 Horse Collar
16:46 Double-Bit Axe
22:08 Bow Saw
12014665
6:00 Loom
11:03 Feudal Age
13:57 Double-Bit Axe
24:43 Castle Age
icu monster
12:52 Feudal Age
14:12 Horse Collar
14:47 Double-Bit Axe
17:09 Castle Age
16:47 Gold Mining
18:35 Wheelbarrow
21:05 Town Watch
21:05 Loom
21:25 Heavy Plow
21:44 Bow Saw
GemGem27
0:31 Loom
13:29 Feudal Age
17:26 Castle Age
16:01 Double-Bit Axe
15:59 Horse Collar
16:52 Fletching
19:34 Bodkin Arrow
jopsop
0:28 Loom
22:03 Feudal Age
Yuyu11 | Elite Krawallkohl
5:51 Loom
11:20 Feudal Age
12:13 Double-Bit Axe
12:29 Man-at-Arms
13:32 Arson
13:48 Long Swordsman
16:01 Forging
寂寞帅哥等爱
8:26 Loom
10:15 Feudal Age
13:03 Bloodlines
20:09 Castle Age
18:30 Gold Mining
21:27 Forging
21:22 Scale Barding Armor
Connection lost

Rejoining the realm…

Still unreachable

The connection could not be restored.

Session expired

The server has moved on; the page needs a fresh start.